 Dungeon Crawl Stone Soup version 0.21-a0-426-g98080a9 (webtiles) character file.

193 KristoblXynda the Chopper (level 5, -1/41 HPs)
             Began as a Draconian Skald on Nov 8, 2017.
             Was a Follower of Cheibriados.
             Slain by a centaur (4 damage)
             ... on level 3 of the Dungeon.
             The game lasted 00:05:37 (2574 turns).

KristoblXynda the Chopper (Draconian Skald)         Turns: 2574, Time: 00:05:38

Health: -1/41      AC:  5    Str: 17      XL:     5   Next: 43%
Magic:  8/8        EV: 13    Int: 17      God:    Cheibriados [*.....]
Gold:   65         SH:  0    Dex: 11 (13) Spells: 1/8 levels left

rFire    + . .     SeeInvis .   a - +0 hand axe
rCold    . . .     Gourm    .   (no shield)
rNeg     . . .     Faith    .   (armour unavailable)
rPois    .         Spirit   .   (helmet restricted)
rElec    .         Reflect  .   (no cloak)
rCorr    .         Harm     .   (no gloves)
MR       .....                  (no boots)
Stlth    ++........             (no amulet)
HPRegen  0.13/turn              l - ring of protection from fire
MPRegen  0.11/turn              i - ring of stealth

@: very slow
A: unfitting armour, cold-blooded, AC +5
a: Bend Time, Renounce Religion


You were on level 3 of the Dungeon.
You worshipped Cheibriados.
Cheibriados was aware of your devotion.
You were hungry.

You visited 1 branch of the dungeon, and saw 3 of its levels.

You collected 65 gold pieces.

Inventory:

Hand Weapons
 a - a +0 hand axe (weapon)
Jewellery
 e - an uncursed ring of resist corrosion
 i - a ring of stealth (right hand)
 l - a ring of protection from fire (left hand)
Scrolls
 g - 2 scrolls of teleportation {unknown}
 h - 2 scrolls of enchant weapon {unknown}
 j - 2 scrolls of identify {unknown}
 k - a scroll of random uselessness {unknown}
 n - a scroll of remove curse {unknown}
Potions
 d - a potion of curing
 f - 2 potions of brilliance {unknown}
 m - a potion of ambrosia {unknown}
 p - a potion of magic {unknown}
 q - a potion of mutation {unknown}
Books
 b - a book of Battle

   Spells                             Type                      Level
   a - Infusion                       Charms                       1
   b - Shroud of Golubria             Charms/Translocation         2
   c - Song of Slaying                Charms                       2
   d - Spectral Weapon                Hexes/Charms                 3
   e - Regeneration                   Charms/Necromancy            3
Comestibles
 c - 5 bread rations
 o - 4 fruits


   Skills:
 - Level 2.1 Fighting
 * Level 4.3 Axes
 - Level 3.0 Dodging
 - Level 2.0 Spellcasting
 + Level 3.6 Charms
 + Level 0.9 Invocations


You had one spell level left.
You knew the following spells:

 Your Spells              Type           Power        Failure   Level  Hunger
a - Infusion              Chrm           ##..         4%          1    #......
b - Regeneration          Chrm/Necr      #.........   28%         3    ###....
c - Spectral Weapon       Hex/Chrm       #.......     28%         3    ###....


Dungeon Overview and Level Annotations

Branches:
Dungeon (3/15)

Altars:
Ashenzari
Cheibriados
Trog
Vehumet
Xom


Innate Abilities, Weirdness & Mutations

Your plain brown scales are hard. (AC +5)
You cannot fit into any form of body armour.
You are cold-blooded and may be slowed by cold attacks.


Message History

q - a fuming coppery potion You now have 65 gold pieces (gained 6).
Items here: ( )) [ an uncursed whip; an uncursed blowgun; 2 poisoned needles; a robe The centaur shouts!
The centaur wields a glowing shortbow.
The centaur shoots an arrow.
The arrow closely misses you.
The centaur shoots an arrow.
The arrow hits you.
You see here an arrow.
The centaur shoots an arrow.
The arrow hits you!
The centaur shoots an arrow.
The arrow hits you.
You see here an arrow.
The centaur shoots an arrow.
The arrow hits you.
* * * LOW HITPOINT WARNING * * *
The centaur shoots an arrow.
The arrow hits you!
* * * LOW HITPOINT WARNING * * *
You see here an arrow.
Unknown command.
The centaur unwields an uncursed enchanted shortbow.
The centaur hits you.
You die...

#(# #.# #.# #.#
#(# #.# #.# #.#
#.# #.. #(# ###
#(# #(# #@#
?..§§§.c#
§..!..§§§..#
..$).§§§.## #####
#...##### ...#
#§§§# # ##.####
#§§§# #. #.....#
### #§§§#
##.###.._..######
..######...#
......._8_..##...


You could see a centaur.

Vanquished Creatures
  A quasit (D:2)
  A bullfrog skeleton (D:3)
  4 adders
  An ooze (D:1)
  3 worms
  5 dart slugs
  A leopard gecko (D:1)
  5 orcs (D:3)
  2 ball pythons
  3 giant cockroaches
  8 goblins
  8 hobgoblins
  4 jackals (D:1)
  2 quokkas
  6 bats
  5 frilled lizards
  4 kobolds
  9 rats
72 creatures vanquished.

Notes
Turn   | Place    | Note
-------+----------+-------------------------------------------
     0 | D:1      | KristoblXynda the Draconian Skald began the quest for the Orb.
     0 | D:1      | Reached XP level 1. HP: 17/17 MP: 3/3
   271 | D:1      | Reached XP level 2. HP: 24/24 MP: 5/5
   701 | D:1      | Reached XP level 3. HP: 29/29 MP: 6/6
   979 | D:1      | Learned a level 3 spell: Regeneration
   999 | D:2      | Reached skill level 3 in Axes
  1066 | D:2      | Reached XP level 4. HP: 26/36 MP: 7/7
  1178 | D:2      | Learned a level 3 spell: Spectral Weapon
  1192 | D:2      | Found a snail-covered altar of Cheibriados.
  1217 | D:2      | Became a worshipper of Cheibriados the Contemplative
  2276 | D:3      | Reached * piety under Cheibriados
  2348 | D:3      | Found a shimmering altar of Xom.
  2349 | D:3      | Found a radiant altar of Vehumet.
  2349 | D:3      | Found a bloodstained altar of Trog.
  2349 | D:3      | Found a shattered altar of Ashenzari.
  2354 | D:3      | Reached XP level 5. HP: 40/41 MP: 8/8
  2359 | D:3      | Reached skill level 4 in Axes
  2556 | D:3      | Noticed a centaur
  2574 | D:3      | Slain by a centaur

Vault maps used:
D:1:      saegor_arrival_under_anarchy
D:2:      kennysheep_slug_shrine, grunt_ministairs_1
D:3:      chequers_temple_overflow_statue_of_worship, first_bread,
          lemuel_flame_loot_1, uniq_purgy, uniq_ijyb, uniq_jessica

Skill      XL: |  1  2  3  4  5 |
---------------+----------------+-----
Charms         | 3 |  3.6
Axes           | 3 4 |  4.3
Dodging        | 3 |  3.0
Fighting       | |  2.1
Spellcasting   | |  2.0
Invocations    | |  0.9

Action                   |  1- 3 |  4- 6 || total
-------------------------+-------+-------++-------
Melee: Hand axe          |   113 |   154 ||   267
       Tailslap          |    11 |    13 ||    24
  Use: Potion            |     2 |     1 ||     3
 Stab: Sleeping          |       |     1 ||     1
  Eat: Chunk             |       |     5 ||     5
Armor: Skin              |    84 |    43 ||   127
Dodge: Dodged            |   119 |    91 ||   210

Table legend:
 A = Spawn XP
 B = Non-spawn XP
 C = Spawn XP percentage of total XP
 D = Spawn monster count
 E = Non-spawn monster count
 F = Spawn count percentage of total count
 G = Total turns spent on level
                    A         B        C        D         E        F      G
               +---------+---------+-------+---------+---------+-------+---------
         Total |       0 |     276 |   0.0 |       0 |      72 |   0.0 |  2574
               +---------+---------+-------+---------+---------+-------+---------
           D:1 |       0 |      43 |   0.0 |       0 |      21 |   0.0 |   925
           D:2 |       0 |     118 |   0.0 |       0 |      26 |   0.0 |  1058
           D:3 |       0 |     115 |   0.0 |       0 |      25 |   0.0 |   591
               +---------+---------+-------+---------+---------+-------+---------
